 Dungeon Crawl Stone Soup version 0.31-a0-596-g831eee08f1 (webtiles) character file.

Game seed: 12306572449409852130

136045 Pooter the Severer (level 16, -5/223 HPs)
             Began as a Minotaur Berserker on Aug 20, 2023.
             Was an Elder of Trog.
             Slain by a wolf spider (6 damage)
             ... on level 2 of the Spider Nest on Aug 21, 2023.
             The game lasted 02:50:33 (43642 turns).

Pooter the Severer (Minotaur Berserker)            Turns: 43642, Time: 02:50:34

Health: -5/223     AC: 23    Str: 32    XL:     16   Next: 65%
Magic:  5/5        EV: 10    Int:  4    God:    Trog [****..]
Gold:   896        SH:  0    Dex: 21    Spells: 15/15 levels left

rFire   . . .        a - +8 executioner's axe of Conservatism {antimagic, rPois Str+4}
rCold   + + .        (shield currently unavailable)
rNeg    . . .        L - +5 plate armour {rF+}
rPois   +            (helmet restricted)
rElec   +            h - scarf {repulsion}
rCorr   .            V - +0 pair of gloves
SInv    .            R - +0 pair of boots
Will    +....        H - amulet "Rinluma" {-Cast rElec rC+ Regen+ Dex+6} Stlth
                     I - ring of Ru's Delight {rC+ Str+6 Dex+2}
HPRegen 1.37/turn    D - ring of the Two Names {Wiz rPois rF- Str-5 Slay+5}
MPRegen 0.09/turn

%: no spellcasting, repel missiles, wizardry (x1)
@: berserking, very quick
A: horns 2, retaliatory headbutt
a: Renounce Religion, Berserk, Trog's Hand, Brothers in Arms


You were on level 2 of the Spider Nest.
You worshipped Trog.
Trog was greatly pleased with you.
You visited 4 branches of the dungeon, and saw 25 of its levels.
You also visited: Ice Cave.

You collected 2421 gold pieces.
You spent 1525 gold pieces at shops.

Inventory:

Hand Weapons
 a - the +8 executioner's axe of Conservatism (weapon) {antimagic, rPois Str+4}
   (Trog gifted it to you on level 2 of the Spider Nest)

   Str+4:     It affects your strength (+4).
   rPois:     It protects you from poison
 b - a +3 longbow of flaming
   (You found it on level 4 of the Lair of Beasts)
 y - the +7 great mace "Firestarter" {flame, immolate, rFlCloud rF++}
   (You bought it in a shop on level 1 of the Orcish Mines)

   rFlCloud:  It grants immunity to clouds of flame.
   rF++:      It greatly protects you from fire.
 E - the +6 hand axe "Listuop" {speed, Fly rF- Dex-5 SInv}
   (You found it on level 3 of the Lair of Beasts)

   Dex-5:     It affects your dexterity (-5).
   rF-:       It makes you vulnerable to fire.
   SInv:      It lets you see invisible.
   Fly:       It grants you flight.
 Y - a +2 spectral battleaxe
   (You took it off a wight on level 9 of the Dungeon)
Missiles
 c - 4 silver javelins
 o - 2 atropa-tipped darts
 B - 22 boomerangs (quivered)
 K - 5 curare-tipped darts
 O - 7 javelins
Armour
 h - a scarf of repulsion (worn)
   (You found it on level 15 of the Dungeon)
 L - a +5 plate armour of fire resistance (worn)
   (You found it on level 11 of the Dungeon)
 R - a +0 pair of boots (worn)
   (You found it on level 8 of the Dungeon)
 V - a +0 pair of gloves (worn)
   (You found it on level 1 of the Lair of Beasts)
Jewellery
 j - a ring of fire
   (You found it on level 7 of the Dungeon)
 n - a +4 ring of protection
   (You found it on level 7 of the Dungeon)
 A - a ring of willpower
   (You found it on level 1 of the Lair of Beasts)
 C - a ring of resist corrosion
   (You found it on level 9 of the Dungeon)
 D - the ring of the Two Names (right hand) {Wiz rPois rF- Str-5 Slay+5}
   (You found it on level 3 of the Dungeon)

   [ring of wizardry]

   Wiz:       It improves your spell success rate.
   Str-5:     It affects your strength (-5).
   Slay+5:    It affects your accuracy & damage with ranged weapons and melee
   (+5).
   rF-:       It makes you vulnerable to fire.
   rPois:     It protects you from poison
 G - an amulet of guardian spirit
   (You found it on level 1 of the Dungeon)
 H - the amulet "Rinluma" (around neck) {-Cast rElec rC+ Regen+ Dex+6}
   (You acquired it on level 15 of the Dungeon)

   [amulet of regeneration]

   Dex+6:     It affects your dexterity (+6).
   rC+:       It protects you from cold.
   rElec:     It insulates you from electricity.
   -Cast:     It prevents spellcasting.
   Regen+:    It increases your rate of health regeneration.
 I - the ring of Ru's Delight (left hand) {rC+ Str+6 Dex+2}
   (You found it on level 5 of the Lair of Beasts)

   [ring of strength]

   Str+6:     It affects your strength (+6).
   Dex+2:     It affects your dexterity (+2).
   rC+:       It protects you from cold.
 N - a ring of positive energy
   (You found it on level 1 of the Dungeon)
 P - a ring of poison resistance
   (You found it on level 10 of the Dungeon)
Wands
 d - a wand of iceblast (5)
   (You found it on level 3 of the Lair of Beasts)
 f - a wand of flame (61)
   (You took it off a goblin on level 6 of the Dungeon)
 F - a wand of quicksilver (25)
   (You found it on level 7 of the Dungeon)
 M - a wand of charming (8)
   (You took it off an orc priest on level 8 of the Dungeon)
 T - a wand of mindburst (9)
   (You found it on level 10 of the Dungeon)
 X - a wand of polymorph (18)
   (You found it on level 3 of the Lair of Beasts)
Scrolls
 e - a scroll of blinking
 g - 5 scrolls of fear
 i - 9 scrolls of identify {@r1}
 q - 3 scrolls of fog
 r - 2 scrolls of revelation
 t - 13 scrolls of teleportation {@r4}
 u - 2 scrolls of immolation {!r}
 v - 6 scrolls of poison {!r}
 x - 4 scrolls of noise {!r}
 J - 3 scrolls of vulnerability {!r}
Potions
 k - 3 potions of lignification {!q}
 l - 5 potions of heal wounds {@q2}
 m - a potion of might
 p - 3 potions of enlightenment
 s - a potion of invisibility
 w - 11 potions of curing {@q1}
 z - 2 potions of mutation {!q}
 U - 4 potions of haste {@q3}
 W - 5 potions of attraction {!q}
 Z - a potion of cancellation
Miscellaneous
 Q - a phantom mirror
   (You found it in an ice cave)
 S - a lightning rod (4/4) {!a}
   (You found it on level 10 of the Dungeon)


   Skills:
 + Level 15.5 Fighting
 * Level 19.8(20.5) Axes
 - Level 9.9(16.0) Maces & Flails
 * Level 19.1 Ranged Weapons
 + Level 2.1 Throwing
 + Level 11.0 Armour
 + Level 3.3 Dodging
 + Level 1.7 Stealth
 + Level 5.5 Evocations


You had 15 spell levels left.
You didn't know any spells.
Your spell library was empty.

Dungeon Overview and Level Annotations

Branches:
Dungeon (15/15) Zot: 24614  Temple (0/1) D:5            Lair (5/5) D:9 Zot: 17686
 Shoals (0/4) Lair:2       Spider (3/4) Lair:3 Zot: 11503   Slime (0/5) Lair:4
    Orc (2/2) D:11 Zot: 6732     Elf (0/3) Orc:2        Vaults (0/5) D:14
 Depths (0/4) D:15          IceCv (visited)

Altars:
Dithmenos
Gozag
Hepliaklqana
Makhleb
Okawaru
Ru
Vehumet
Zin
The Shining One
Jiyva

Shops:
D:13 :   Orc:1 *   Orc:2 ([!(=

Portals:
Abyss: Orc:1
Trove: D:15 (give 18 potions of curing)


Innate Abilities, Weirdness & Mutations

You have a pair of horns on your head.
You reflexively headbutt those who attack you in melee.


Message History

The wolf spider misses you. The tarantella touches you!
* * * LOW HITPOINT WARNING * * *
You are confused.
You are too confused!
You feel better. The tarantella touches you.
* * * LOW HITPOINT WARNING * * *
The wolf spider closely misses you. You furiously retaliate!
You headbutt the wolf spider!
You kill the wolf spider!
Trog accepts your kill.
The wolf spider hits you but does no damage.
The wolf spider bites you but does no damage.
The tarantella touches you but does no damage.
The demonic crawler hits you but does no damage. x2
The demonic crawler completely misses you.
The human barely misses the orb spider.
The orb spider barely misses the human.
The tarantella touches you but does no damage.
The wolf spider hits you.
* * * LOW HITPOINT WARNING * * *
The wolf spider bites you.
* * * LOW HITPOINT WARNING * * *
The demonic crawler hits you but does no damage. x2
The demonic crawler barely misses you. The tarantella touches you!
* * * LOW HITPOINT WARNING * * *
You are confused.
The wolf spider closely misses you. The wolf spider bites you.
* * * LOW HITPOINT WARNING * * *
The tarantella touches you but does no damage.
You climb upwards.
There is a stone staircase leading down here.
You feel better. The tarantella closely misses you.
The demonic crawler hits you but does no damage.
The demonic crawler hits you.
* * * LOW HITPOINT WARNING * * *
The demonic crawler hits you.
* * * LOW HITPOINT WARNING * * *
The wolf spider hits you!
* * * LOW HITPOINT WARNING * * *
The wolf spider bites you but does no damage.
The tarantella closely misses you.
The tarantella touches you but does no damage.
The demonic crawler hits you but does no damage.
The demonic crawler hits you.
* * * LOW HITPOINT WARNING * * *
The demonic crawler misses you.
A red film seems to cover your vision as you go berserk!
You feel yourself moving faster!
You feel mighty! The wolf spider hits you!
* * * LOW HITPOINT WARNING * * *
The wolf spider bites you.
You die...

####### #######
#...^.### #......
#.......## ##.....
#........## ##^.....
#.........# #......)
#.ss...#..####.#....
#.s@.^.#..#.^###....
#...s.##...........#
#.....#.........####
#.....###.^.#.^.#...
##^....##########...
##...## #.... ##p..#
##..# ##..^.# #...#
#^.#..### ##....


You could see a demonic crawler, a wolf spider, 2 tarantellas and a neutral
human (wandering).

Vanquished Creatures
  Frances (D:14)
  Roxanne (Spider:2)
  Kirke (Spider:2)
  An orc warlord (Orc:1)
  A very ugly thing (Orc:1)
  A broodmother (Spider:1)
  The ghost of Age the Marksminotaur, a journeyman MiFi of Gozag (Orc:1)
  A crystal guardian (Orc:1)
  2 fire dragons
  A rakshasa (D:14)
  2 entropy weavers
  5 hydras
  A catoblepas (D:14)
  A jorogumo (Spider:2)
  An ogre mage (Orc:1)
  12 boulder beetles
  The ghost of RepHenryClay the Destroyer, a journeyman DECj of Vehumet (Orc:2)
  8 two-headed ogres
  2 centaur warriors (D:14)
  3 death yaks
  A vampire mage (D:15)
  7 demonic crawlers
  4 orc high priests
  A titan zombie (D:15)
  Urug (D:12)
  4 pharaoh ants
  A fire crab (Lair:5)
  A deep troll (D:14)
  11 skeletal warriors
  Lodul (D:10)
  A spark wasp zombie (D:15)
  3 steelbarb worms (Spider:2)
  An orb spider (Spider:1)
  2 deep elf pyromancers
  3 lindwurms
  8 orc knights
  6 orc sorcerers
  A necromancer (D:15)
  13 wolf spiders
  A frost giant zombie (D:15)
  9 ugly things
  10 cyclopes
  2 manticores
  3 elephants (Lair:4)
  6 black mambas
  A water nymph (Lair:2)
  5 molten gargoyles
  4 torpor snails
  2 ice statues (IceCv)
  12 cane toads
  Maggie (D:6)
  4 rime drakes
  4 unseen horrors
  3 efreet
  2 freezing wraiths
  4 yaktaurs (D:15)
  A tengu conjurer (D:11)
  A rime drake (shapeshifter) (D:15)
  9 komodo dragons
  5 trolls
  An ancient zyme (Orc:1)
  7 meliai
  A red devil (Orc:1)
  A hellwing (Orc:1)
  11 tarantellas
  3 polar bears
  A spriggan zombie (D:15)
  A hornet (D:9)
  A blink frog (shapeshifter) (D:15)
  17 blink frogs
  12 jumping spiders
  3 centaur simulacra
  Sigmund (D:6)
  An air elemental (D:10)
  A spriggan (Lair:1)
  7 culicivoras
  A shadow (D:11)
  8 slime creatures
  A water elemental (D:10)
  52 yaks
  9 basilisks
  8 wyverns
  A fire elemental (D:10)
  5 wraiths
  The ghost of Age the Shooter, an amateur MiHu (D:3)
  The ghost of knightboat the Changeling, an amateur FeSh of Wu Jian (D:5)
  17 vampire mosquitoes
  A hog (Spider:2)
  A steam dragon (Lair:5)
  3 death yak simulacra (IceCv)
  41 redbacks
  7 wargs
  3 acid dragons
  13 water moccasins
  Duvessa (D:7)
  4 hell hounds (Lair:5)
  A black bear (D:8)
  25 orc warriors
  A sky beast (D:7)
  A black bear (shapeshifter) (D:14)
  2 ice beasts
  16 ogres
  8 wolves
  3 centaurs
  3 phantoms
  4 kobold brigands
  8 bullfrogs
  An earth elemental (D:10)
  A gnoll sergeant (D:10)
  A scorpion (D:6)
  Dowan (D:7)
  5 wights (D:9)
  An elephant simulacrum (IceCv)
  6 killer bees
  5 howler monkeys (D:12)
  4 electric eels
  10 lava snakes
  Crazy Yiuf (D:7)
  5 jellies
  17 orc priests
  3 gnoll boudas
  3 hounds
  2 sleepcaps
  10 iguanas
  26 orc wizards
  A polar bear simulacrum (IceCv)
  A wolf simulacrum (IceCv)
  Robin (D:4)
  11 adders
  15 gnolls
  2 white imps
  3 ufetubi
  5 worms
  A dart slug (D:4)
  77 orcs
  10 ball pythons
  7 bats
  6 endoplasms
  4 giant cockroaches
  12 goblins
  15 hobgoblins
  18 kobolds
  5 quokkas
  4 frilled lizards
  9 rats
834 creatures vanquished.

Vanquished Creatures (others)
  An orc wizard (D:12)
  2 orcs (D:12)
  A spectral weapon (Orc:1)
4 creatures vanquished.

Grand Total: 838 creatures vanquished

Notes
Turn   | Place    | Note
-------+----------+-------------------------------------------
     0 | D:1      | Pooter the Minotaur Berserker began the quest for the Orb.
     0 | D:1      | Reached XP level 1. HP: 19/19 MP: 0/0
   148 | D:1      | Found a faded altar of an unknown god.
   163 | D:1      | Reached XP level 2. HP: 25/27 MP: 1/1
   344 | D:1      | Reached skill level 1 in Ranged Weapons
   879 | D:2      | Reached XP level 3. HP: 33/33 MP: 2/2
  1369 | D:2      | Reached ** piety under Trog
  1499 | D:3      | Found a runed translucent gate.
  1500 | D:3      | Found a runed translucent gate.
  1504 | D:3      | Found a runed translucent gate.
  1505 | D:3      | Noticed Age's ghost (amateur MiHu)
  1617 | D:3      | Reached XP level 4. HP: 40/40 MP: 3/3
  1618 | D:3      | Reached skill level 5 in Axes
  1722 | D:3      | Found an iron altar of Okawaru.
  1725 | D:3      | Found a glowing golden altar of the Shining One.
  1744 | D:3      | Found an opulent altar of Gozag.
  1756 | D:3      | Found a hazy altar of Hepliaklqana.
  2056 | D:3      | Identified the ring of the Two Names {Wiz rPois rF- Str-5
                  | Slay+5}
  2202 | D:3      | Killed Age's ghost
  2203 | D:3      | Reached skill level 5 in Fighting
  2203 | D:3      | Reached XP level 5. HP: 48/48 MP: 4/4
  2412 | D:4      | Reached XP level 6. HP: 56/56 MP: 5/5
  2967 | D:4      | Noticed Robin
  2981 | D:4      | Killed Robin
  2981 | D:4      | Reached *** piety under Trog
  3294 | D:4      | Reached XP level 7. HP: 61/61 MP: 6/6
  3689 | D:5      | Entered Level 5 of the Dungeon
  3730 | D:5      | Found a staircase to the Ecumenical Temple.
  3976 | D:5      | Noticed knightboat's ghost (amateur FeSh)
  3977 | D:5      | Found a transporter.
  3977 | D:5      | Found a transporter.
  4015 | D:5      | Reached skill level 5 in Ranged Weapons
  4433 | D:6      | Reached XP level 8. HP: 70/71 MP: 7/7
  4645 | D:6      | Noticed Sigmund
  4654 | D:6      | Killed Sigmund
  4665 | D:6      | Found a radiant altar of Vehumet.
  4883 | D:6      | Noticed Maggie
  4893 | D:6      | Killed Maggie
  5386 | D:7      | Noticed Duvessa
  5387 | D:7      | Noticed Dowan
  5393 | D:7      | Killed Duvessa
  5394 | D:7      | Reached XP level 9. HP: 79/79 MP: 6/8
  5395 | D:7      | Killed Dowan
  5524 | D:7      | Reached skill level 10 in Axes
  5793 | D:7      | Found a runed translucent door.
  5794 | D:7      | Noticed Crazy Yiuf
  5906 | D:7      | Found a burning altar of Makhleb.
  6236 | D:7      | Killed Crazy Yiuf
  6888 | D:8      | Reached XP level 10. HP: 90/90 MP: 9/9
  6926 | D:8      | Found a shadowy altar of Dithmenos.
  7539 | D:9      | Found a staircase to the Lair.
  7739 | D:9      | Reached skill level 10 in Ranged Weapons
  7772 | D:9      | Found a glowing silver altar of Zin.
  7852 | D:9      | Reached **** piety under Trog
  8124 | D:9      | Found a sacrificial altar of Ru.
  8464 | D:10     | Entered Level 10 of the Dungeon
  9221 | D:10     | Reached XP level 11. HP: 71/99 MP: 7/10
  9224 | D:10     | Reached skill level 10 in Fighting
  9545 | D:10     | Noticed Lodul
  9561 | D:10     | Killed Lodul
  9945 | D:10     | Noticed a two-headed ogre
  9951 | D:10     | Killed a two-headed ogre
 10181 | D:10     | Identified the +7 scale mail "Xauch" {Drain rCorr Str+2}
 10297 | D:10     | Found a large runed translucent door.
 10297 | D:10     | Found a large runed translucent door.
 10303 | D:10     | Paralysed by an air elemental for 1 turns
 10310 | D:10     | Paralysed by an air elemental for 1 turns
 10575 | Lair:1   | Entered Level 1 of the Lair of Beasts
 10775 | Lair:1   | Reached skill level 15 in Axes
 10887 | Lair:1   | Noticed a boulder beetle
 10899 | Lair:1   | Killed a boulder beetle
 10918 | Lair:1   | Reached XP level 12. HP: 69/110 MP: 6/11
 11041 | Lair:1   | Found an iron altar of Okawaru.
 11619 | Lair:1   | Noticed a boulder beetle
 11630 | Lair:1   | Killed a boulder beetle
 11761 | Lair:1   | Identified the +0 robe "Hela" {rElec}
 11763 | Lair:1   | Identified the +1 helmet of the Teacher {rElec rPois Str-4
                  | Dex+5}
 12395 | Lair:2   | Noticed a boulder beetle
 12418 | Lair:2   | Killed a boulder beetle
 13014 | Lair:2   | Noticed an eight-headed hydra
 13022 | Lair:2   | Killed a six-headed hydra
 13741 | Lair:3   | Identified the +6 hand axe "Listuop" {speed, Fly rF- Dex-5
                  | SInv}
 13915 | Lair:3   | Reached XP level 13. HP: 116/119 MP: 12/12
 14140 | Lair:3   | Found a hole to the Spider Nest.
 14718 | Lair:3   | Reached skill level 15 in Ranged Weapons
 14767 | Lair:3   | Reached skill level 5 in Armour
 17692 | Lair:4   | Found a viscous altar of Jiyva.
 17700 | Lair:4   | Found a staircase to the Slime Pits.
 18142 | Lair:4   | Noticed Nessos
 18147 | Lair:4   | Nessos changed into Nessos the torpor snail
 18147 | Lair:4   | Noticed Nessos
 18155 | Lair:4   | Killed Nessos the torpor snail
 18494 | Lair:5   | Entered Level 5 of the Lair of Beasts
 20617 | Lair:5   | Identified the ring of Ru's Delight {rC+ Str+6 Dex+2}
 21884 | Lair:5   | Noticed a fire dragon
 22057 | Lair:5   | Found a large runed translucent door.
 22058 | Lair:5   | Found a large runed translucent door.
 22279 | Lair:5   | Killed a fire dragon
 22918 | D:11     | Reached XP level 14. HP: 108/129 MP: 10/13
 23356 | D:11     | Found a staircase to the Orcish Mines.
 23461 | D:11     | Identified the +4 great sword "Usaem" {holy, rN+}
 24193 | D:11     | Upgraded the game from 0.31-a0-590-g8a5a4361df to
                  | 0.31-a0-596-g831eee08f1
 24230 | Orc:1    | Entered Level 1 of the Orcish Mines
 24366 | Orc:2    | Entered Level 2 of the Orcish Mines
 25901 | Orc:2    | Found Doywkaxu's Antique Weapon Shoppe.
 25955 | Orc:2    | Found a runed translucent door.
 25965 | Orc:2    | Found a staircase to the Elven Halls.
 25987 | Orc:2    | Noticed RepHenryClay's ghost (journeyman DECj)
 26006 | Orc:2    | Killed RepHenryClay's ghost
 26071 | Orc:2    | Identified the staff of Elyvilon's Hope {Fragile Will+
                  | Int+2 Stlth+ Earth}
 26587 | Orc:1    | Found Ginuz's Mayhem Merchandise.
 26730 | Orc:1    | Bought the +7 great mace "Firestarter" {flame, immolate,
                  | rFlCloud rF++} for 1210 gold pieces
 26730 | Orc:1    | Found the +7 great mace "Firestarter" {flame, immolate,
                  | rFlCloud rF++}
 26771 | Orc:1    | Found a transporter.
 26986 | Orc:1    | Noticed an orc warlord
 26994 | Orc:1    | Reached skill level 1 in Maces & Flails
 26999 | Orc:1    | Killed an orc warlord
 27196 | Orc:1    | Reached skill level 1 in Evocations
 27200 | Orc:1    | Paralysed by something for 5 turns
 27544 | Orc:1    | Found a one-way gate to the infinite horrors of the Abyss.
 27544 | Orc:1    | Noticed Age's ghost (journeyman MiFi)
 27595 | Orc:1    | Found a transporter.
 27595 | Orc:1    | Noticed a purple very ugly thing
 27876 | Orc:2    | Found Wabimp's Jewellery Emporium.
 28937 | Orc:2    | Found Asserubb's Antique Weapon Boutique.
 28956 | Orc:2    | Found Gemnuoh's Distillery.
 28958 | Orc:2    | Found Ryly's Armour Emporium.
 29019 | Orc:2    | Bought a potion of degeneration for 15 gold pieces
 29019 | Orc:2    | Bought a potion of cancellation for 120 gold pieces
 29019 | Orc:2    | Bought a potion of curing for 45 gold pieces
 29019 | Orc:2    | Bought a potion of curing for 45 gold pieces
 29019 | Orc:2    | Bought 2 potions of curing for 90 gold pieces
 29400 | D:12     | Reached ***** piety under Trog
 29616 | D:12     | Noticed Urug
 29622 | D:12     | Reached XP level 15. HP: 98/138 MP: 7/14
 29625 | D:12     | Killed Urug
 29684 | D:12     | Found a frozen archway.
 29691 | IceCv    | Entered an ice cave
 29859 | IceCv    | Found a transporter.
 29975 | IceCv    | Found a transporter.
 29988 | IceCv    | Reached skill level 5 in Maces & Flails
 30677 | D:13     | Noticed a walking divine tome
 30678 | D:13     | Found Momumili's Book Shop.
 30681 | D:13     | Noticed a walking earthen tome
 30697 | D:13     | Identified the +0 leather armour of the Volcano {rF+
                  | Regen+}
 32988 | D:14     | Noticed Frances
 32997 | D:14     | Killed Frances
 33292 | D:14     | Identified the +3 ring mail of the Howling Gods {Slay+3}
 33659 | D:14     | Found a gate to the Vaults.
 34142 | D:15     | Entered Level 15 of the Dungeon
 35072 | D:15     | Found a staircase to the Depths.
 35120 | D:15     | Reached skill level 10 in Armour
 35578 | D:15     | Reached skill level 15 in Fighting
 35828 | D:15     | Identified a scroll of acquirement
 35829 | D:15     | Acquired the amulet "Rinluma" {-Cast rElec rC+ Regen+
                  | Dex+6}
 35952 | D:15     | Found a portal to a secret trove of treasure.
 36271 | D:5      | Killed knightboat's ghost
 36554 | Orc:1    | Killed Age's ghost
 36879 | Spider:1 | Entered Level 1 of the Spider Nest
 36903 | Lair:3   | Reached XP level 16. HP: 104/149 MP: 15/15
 38349 | Spider:1 | Reached skill level 5 in Evocations
 39799 | Spider:2 | Identified the +8 executioner's axe of Conservatism
                  | {antimagic, rPois Str+4} (Trog gifted it to you on level 2
                  | of the Spider Nest)
 39799 | Spider:2 | Received a gift from Trog
 39873 | Spider:2 | Reached skill level 1 in Throwing
 40646 | Spider:2 | Reached skill level 1 in Stealth
 43170 | Spider:2 | Noticed Roxanne
 43183 | Spider:2 | Killed Roxanne
 43566 | Spider:3 | Noticed Kirke
 43573 | Spider:2 | Killed Kirke
 43642 | Spider:2 | HP: 1/223 [wolf spider (14)]
 43642 | Spider:2 | Slain by a wolf spider

Illustrated notes

Levels and vault maps discovered:
D:1:      spicycebolla_arrival_risky_transporter, layout_basic,
          shapermc_ecumenical_altar_gd, minivault_25
D:2:      layout_rooms
D:3:      layout_loops_cross, grunt_temple_overflow_cloverleaf,
          gammafunk_ghost_split, minmay_vboxes
D:4:      layout_cave_pods, uniq_robin
D:5:      layout_rooms, minmay_temple_entry_proselytizer, gammafunk_ghost_arena,
          chequers_mini_garden
D:6:      cheibrodos_thug_alley, layout_basic, vehumet_altar_wand_db,
          uniq_sigmund, uniq_maggie
D:7:      layout_loops_ring, bloody_makhleb, uniq_duvessa,
          uniq_crazy_yiuf_cottage
D:8:      layout_gridville, grunt_dithmenos_smoke
D:9:      layout_basic, hangedman_ru_absence, mainiacjoe_overflow_24_doors,
          lair_entry_dummy, lemuel_flamethrower_1
D:10:     layout_loops_corners, corexii_checkpoint_a, lightli_elemental_guards,
          uniq_lodul
D:11:     cheibrodos_magma_flow, layout_cave_pools, orc_0_dummy,
          minmay_the_grid_2x2 [minmay_the_grid_dragon_b,
          minmay_the_grid_aliased_spiral, minmay_the_grid_outer_diamond,
          minmay_the_grid_prize_four_corners_diamond_a]
D:12:     layout_gridville, serial_ice, serial_ice_f, serial_ice_o,
          serial_ice_a, serial_ice_k, portal_ice_cave_rime, uniq_urug
D:13:     layout_irregular_city, serial_shops, nicolae_shop_mannequins,
          minmay_holes, nicolae_twisting_strands
D:14:     minmay_inside_and_out, layout_stronghold, david_vaults_4,
          minmay_misc_feat_secret_circle, uniq_frances
D:15:     gammafunk_depths_entry_grave, layout_irregular_city,
          nicolae_trove_entry_columns, roderic_serpentine_path,
          grunt_ministairs_2
Lair:1:   layout_loops_ring, basic_altar, serial_rivers,
          chequers_serial_rivers_marsh, chequers_serial_rivers_large_a,
          chequers_serial_rivers_small_b, chequers_serial_rivers_micro_e,
          grunt_forest_large_clearing_hut
Lair:2:   layout_concentric_octagons, nicolae_shoals_entry_flooding,
          nicolae_quartered_pool_super
Lair:3:   beast_lair_carwin_large_1, layout_gridlike,
          hellmonk_spider_entry_not_the_bees, serial_bayou_shore_b
Lair:4:   layout_regular_city, nicolae_slime_entry_field_trip,
          cheibrodos_lair_reptile_den, uniq_nessos
Lair:5:   cheibrodos_lair_end_hotspot, layout_hall_layers, nicolae_lair_lindhole
Spider:1: layout_spider_delve
Spider:2: layout_spider_delve, nicolae_spider_baby_got_redback,
          nicolae_spider_cling_halls, uniq_roxanne
Spider:3: layout_spider_delve, uniq_jorgrun, uniq_kirke
Orc:1:    layout_caves, gammafunk_ghost_abyssal_escape, minmay_shop_mayhem
Orc:2:    st_orc_elflike, layout_caves, ebering_ghost_inner_flame, serial_shops,
          shop

Skill      XL: |  1  2  3  4  5  6  7  8  9 10 11 12 13 14 15 16 |
---------------+-------------------------------------------------+-----
Axes           | 4 6 7 8 9 11 13 15 16 18 19 | 19.8
Ranged Weapons | 1 2 3 4 5 7 9 11 13 14 16 17 18 19 | 19.1
Fighting       | 4 5 6 7 8 9 11 12 13 14 15 | 15.5
Armour         | 4 7 8 10 11 | 11.0
Maces & Flails | 4 8 9 |  9.9
Evocations     | 2 4 5 |  5.5
Throwing       | 2 |  2.1
Stealth        | 1 |  1.7
Dodging        | 3 |  3.3

Action                     |  1- 3 |  4- 6 |  7- 9 | 10-12 | 13-15 | 16-18 || total
---------------------------+-------+-------+-------+-------+-------+-------++-------
  Melee: Hand axe          |    60 |    16 |    38 |     5 |    18 |       ||   137
         Headbutt          |    15 |     7 |    27 |    87 |   140 |    24 ||   300
         Punch             |     2 |     1 |     2 |       |       |       ||     5
         Dagger            |    16 |     7 |       |       |       |       ||    23
         Trident           |       |    50 |       |       |       |       ||    50
         War axe           |       |       |    87 |       |       |       ||    87
         Battleaxe         |       |       |       |   372 |   430 |    60 ||   862
         Great mace        |       |       |       |       |   121 |       ||   121
         Executioner's axe |       |       |       |       |       |    41 ||    41
   Fire: Sling             |    32 |    39 |    52 |       |       |       ||   123
         Shortbow          |       |       |    16 |    19 |       |       ||    35
         Orcbow            |       |       |       |    85 |    84 |       ||   169
         Longbow           |       |       |       |       |   415 |   156 ||   571
  Throw: Dart              |       |       |     6 |    27 |     9 |       ||    42
         Boomerang         |       |       |       |       |     2 |     2 ||     4
 Invoke: Berserk           |       |     4 |     8 |    11 |    20 |     2 ||    45
         Trog's Hand       |       |     3 |     9 |    22 |    36 |     2 ||    72
  Evoke: Wand              |       |       |     1 |     8 |    18 |       ||    27
         Lightning rod     |       |       |       |     2 |       |       ||     2
    Use: Scroll            |     4 |     4 |     5 |     9 |    21 |     2 ||    45
         Potion            |       |       |     2 |     2 |    11 |     4 ||    19
   Stab: Sleeping          |       |     1 |       |       |       |       ||     1
         Distracted        |       |       |       |       |     1 |       ||     1
         Betrayed ally     |       |       |       |       |     1 |       ||     1
 Armour: Animal skin       |    13 |     8 |       |       |       |       ||    21
         Scale mail        |       |    11 |    30 |       |       |       ||    41
         Chain mail        |       |       |    26 |       |       |       ||    26
         Plate armour      |       |       |       |   211 |   385 |   183 ||   779
  Dodge: Dodged            |    44 |    41 |    69 |   120 |   225 |   137 ||   636
         Repelled          |       |       |       |       |     1 |       ||     1

Table legend: (Time is in decaauts)
 A = Elapsed time spent in this place.
 B = Non-inter-level travel time spent in this place.
 C = Inter-level travel time spent in this place.
 D = Time resting spent in this place.
 E = Time spent auto-exploring this place.
 F = Levels seen in this place.
 G = Mean time per level.
                   A        B        C        D        E       F      G
               +--------+--------+--------+--------+--------+-----+--------+
         Total |  44048 |  42121 |   1927 |  21576 |  14868 |  26 | 1694.2 |
       Dungeon |  19584 |  18493 |   1091 |   6208 |   9138 |  15 | 1305.6 |
          Lair |  12313 |  11932 |    381 |   7128 |   3628 |   5 | 2462.6 |
   Spider Nest |   6495 |   6412 |     83 |   4710 |   1266 |   3 | 2165.0 |
  Orcish Mines |   5267 |   4896 |    371 |   3221 |    833 |   2 | 2633.5 |
      Ice Cave |    387 |    387 |      0 |    308 |      1 |   1 |  387.0 |
               +--------+--------+--------+--------+--------+-----+--------+

Top non-repeatable levels by time:
Spider:2: 4859 daAuts
  Lair:5: 3870 daAuts
   Orc:2: 3674 daAuts
  Lair:4: 3579 daAuts
    D:10: 2183 daAuts
    D:14: 2029 daAuts
    D:11: 1827 daAuts
    D:15: 1817 daAuts
  Lair:3: 1669 daAuts
  Lair:2: 1662 daAuts
Spider:1: 1622 daAuts
   Orc:1: 1593 daAuts
  Lair:1: 1531 daAuts
     D:7: 1472 daAuts
    D:12: 1420 daAuts
